 Dungeon Crawl Stone Soup version 0.21.1-1-g345015f (webtiles) character file.

14520 diana the Cruncher (level 11, -11/90 HPs)
             Began as a Yellow Draconian Gladiator on June 26, 2018.
             Was an Initiate of Gozag.
             Mangled by a hornet (15 damage)
             ... while paralysed by a hornet
             ... on level 11 of the Dungeon.
             The game lasted 00:31:37 (13889 turns).

diana the Cruncher (Yellow Draconian Gladiator)    Turns: 13889, Time: 00:31:38

Health: -11/90     AC:  9    Str: 26    XL:     11   Next: 89%
Magic:  11/11      EV:  2    Int:  6    God:    Gozag
Gold:   1162       SH:  0    Dex: 21    Spells: 10/10 levels left

rFire    + . .     SeeInvis +   a - +0 quarterstaff
rCold    . . .     Gourm    .   (shield currently unavailable)
rNeg     . . .     Faith    .   (armour unavailable)
rPois    .         Spirit   .   J - +1 hat {Int+3}
rElec    .         Reflect  .   (no cloak)
rCorr    +         Harm     .   (no gloves)
MR       ++...                  A - +0 pair of boots
Stlth    ++........             (no amulet)
HPRegen  0.25/turn              v - ring of Kiezxuar {+Inv MR+ Str+2 Int-5 Dex+9}
MPRegen  0.12/turn              M - ring of the Invisible Souls {MR+ Str+3 SInv}

@: paralysed, lethally poisoned (-11 -> -14), gold aura, slowed
A: spit acid, acid resistance, unfitting armour, blink, fire resistance 1, frail
1, cold-blooded, AC +7
a: Breathe Acid, Blink, Potion Petition, Call Merchant, Bribe Branch, Renounce
Religion, Evoke Invisibility


You were on level 11 of the Dungeon.
You worshipped Gozag.
Gozag was most pleased with you.
You were not hungry.

You visited 2 branches of the dungeon, and saw 12 of its levels.
You visited the Abyss 1 time.
You also visited: Sewer and Bailey.

You collected 2556 gold pieces.
You spent 1317 gold pieces at shops.
You paid 77 gold pieces to Gozag.

Inventory:

Hand Weapons
 a - a +0 quarterstaff (weapon)
 p - a +6 hand crossbow
Missiles
 E - 4 javelins of returning (quivered)
 G - 39 tomahawks of returning
Armour
 A - a +0 pair of boots (worn)
 J - a +1 hat of intelligence (worn)
Jewellery
 v - the ring of Kiezxuar (left hand) {+Inv MR+ Str+2 Int-5 Dex+9}
   (You bought it in a shop on level 4 of the Dungeon)

   [ring of protection from magic]

   It affects your strength (+2).
   It affects your intelligence (-5).
   It affects your dexterity (+9).
   It affects your resistance to hostile enchantments.
   It lets you turn invisible.
 M - the ring of the Invisible Souls (right hand) {MR+ Str+3 SInv}
   (You bought it in a shop on level 4 of the Dungeon)

   [ring of protection from magic]

   It affects your strength (+3).
   It affects your resistance to hostile enchantments.
   It lets you see invisible.
 Q - an uncursed ring of protection from magic {unknown}
 S - a +3 ring of evasion {unknown}
Wands
 h - a wand of polymorph (39)
 w - a wand of acid (1)
 B - a wand of disintegration (5)
 L - a wand of paralysis (18)
 N - a wand of clouds (6)
 U - a wand of flame (16)
Scrolls
 b - a scroll of brand weapon {unknown}
 c - 2 scrolls of acquirement {unknown}
 i - 3 scrolls of remove curse
 k - 2 scrolls of noise
 m - 4 scrolls of magic mapping
 o - 4 scrolls of fear
 q - 6 scrolls of teleportation
 r - 7 scrolls of enchant weapon
 t - 2 scrolls of immolation
 y - 4 scrolls of enchant armour
 D - 2 scrolls of amnesia
 I - 3 scrolls of blinking {unknown}
 K - 4 scrolls of identify
 O - a scroll of fog {unknown}
 T - a scroll of vulnerability {unknown}
Potions
 e - a potion of cancellation
 f - 3 potions of might
 g - 3 potions of brilliance
 l - 2 potions of invisibility
 n - 2 potions of heal wounds
 s - 4 potions of haste
 u - 8 potions of agility
 x - 3 potions of flight
 C - a potion of resistance {unknown}
 H - a potion of curing
 P - a potion of lignification {unknown}
 R - a potion of degeneration {unknown}
Books
 z - a book of Misfortune

   Spells                             Type                      Level
   a - Confusing Touch                Hexes                        1
   b - Confuse                        Hexes                        3
   c - Gell's Gravitas                Translocation                3
   d - Petrify                        Transmutation/Earth          4
   e - Metabolic Englaciation         Hexes/Ice                    5
   f - Yara's Violent Unravelling     Hexes/Transmutation          5
 F - a book of Power

   Spells                             Type                      Level
   a - Iskenderun's Battlesphere      Conjuration/Charms           5
   b - Venom Bolt                     Conjuration/Poison           5
   c - Bolt of Magma                  Conjuration/Fire/Earth       5
   d - Iron Shot                      Conjuration/Earth            6
   e - Orb of Destruction             Conjuration                  7
   f - Spellforged Servitor           Conjuration/Summoning        7
Miscellaneous
 j - a box of beasts
Comestibles
 d - 7 rations


   Skills:
 + Level 10.9 Fighting
 * Level 14.8 Staves
 - Level 1.7 Throwing
 + Level 7.0 Dodging


You had 10 spell levels left.
You didn't know any spells.

Dungeon Overview and Level Annotations

Branches:
Dungeon (11/15)            Temple (1/1) D:4            Lair (0/6) D:11
    Orc (0/2) D:10

Altars:
Ashenzari
Cheibriados
Dithmenos
Elyvilon
Fedhas
Gozag
Hepliaklqana
Kikubaaqudgha
Makhleb
Nemelex Xobeh
Okawaru
Qazlal
Ru
Sif Muna
Trog
Uskayaw
Vehumet
Wu Jian
Xom
Yredelemnul
Zin
The Shining One

Shops:
D:4 =   D:7 [   D:8 *   D:9 [

Annotations:
D:6 1 runed door, Iko's ghost, novice GnFi
D:7 4 runed doors


Innate Abilities, Weirdness & Mutations

You can spit globs of acid.
You are resistant to acid.
Your golden yellow scales are hard. (AC +7)
You cannot fit into any form of body armour.
You are cold-blooded and may be slowed by cold attacks.
You can translocate small distances at will.
Your flesh is heat resistant. (rF+)
You are frail. (-10% HP)


Message History

You feel yourself slow down.
You are too injured to fight recklessly!
You are too injured to fight recklessly!
You are too injured to fight recklessly!
You are too injured to fight recklessly!
Unknown command.
You are too injured to fight recklessly!
You are too injured to fight recklessly!
You miss the hornet.
You feel sick. The hornet stings you!
You suddenly lose the ability to move!
You hear an angry buzzing noise.
You feel sick. The hornet stings you!
* * * LOW HITPOINT WARNING * * *
You feel as though you will be slow longer.
The hornet stings you!
* * * LOW HITPOINT WARNING * * *
You feel as though you will be slow longer.
The hornet stings you!
You die...
Your body crumbles into a pile of gold.

#......# ...............
#......# ..(............
#.####... ................
#.# ..## ................
#.# .#### #...(.....(....
#.# #.#.# #..............
#.# #a#.##..............
#.### #y#...............#
#...#### #@##.............#
#.####.#######.............#
#.# #..##.................#
#.# #..##.................#
#.# #..##.................#
#.# #..##..................
#.# #......................
#.####..#...................
#.).)...#...................


You could see a soldier ant and a hornet.

Vanquished Creatures
  Gastronok (D:10)
  An orc warlord (Bailey)
  A hydra (D:11)
  3 two-headed ogres
  Sonja (D:10)
  An ugly thing (D:10)
  Psyche (D:10)
  The ghost of diana the Cruncher, a novice DsGl (D:5)
  2 trolls
  7 hippogriffs
  Sigmund (D:7)
  A wyvern (D:8)
  A yak (D:11)
  A basilisk (D:11)
  2 hungry ghosts
  A soldier ant (D:11)
  Duvessa (D:7)
  7 orc warriors
  3 ice beasts
  A sky beast (D:8)
  3 black bears
  An eye of draining (D:8)
  3 ogres
  2 phantoms
  A necrophage (D:8)
  A crocodile (D:11)
  4 centaurs
  4 bullfrogs
  4 big kobolds
  A wyvern zombie (D:10)
  Dowan (D:7)
  A wyvern skeleton (D:11)
  2 scorpions
  5 howler monkeys
  6 crimson imps
  A centaur zombie (D:6)
  A bullfrog zombie (D:10)
  3 jellies
  6 orc priests
  3 hounds
  6 bullfrog skeletons
  2 iguanas
  7 worker ants
  11 orc wizards
  The ghost of Iko the Skirmisher, a weakling MiWn (D:3)
  A worker ant zombie (D:5)
  A howler monkey skeleton (D:6)
  11 adders
  10 river rats (Sewer)
  A shadow imp (D:9)
  2 worms
  A dart slug (D:2)
  9 leopard geckos
  66 orcs
  9 bats
  A giant cockroach (D:2)
  14 goblins
  10 hobgoblins
  17 jackals
  50 kobolds
  5 quokkas
  9 ball pythons
  9 frilled lizards
  A quokka skeleton (D:6)
  20 rats
365 creatures vanquished.

Vanquished Creatures (others)
  An orc wizard (D:4)
1 creature vanquished.

Grand Total: 366 creatures vanquished

Notes
Turn   | Place    | Note
-------+----------+-------------------------------------------
     0 | D:1      | diana the Draconian Gladiator began the quest for the Orb.
     0 | D:1      | Reached XP level 1. HP: 17/17 MP: 1/1
   118 | D:1      | Reached XP level 2. HP: 9/24 MP: 2/2
   874 | D:2      | Reached skill level 4 in Staves
  1030 | D:2      | Reached XP level 3. HP: 29/29 MP: 3/3
  1804 | D:2      | Reached XP level 4. HP: 36/36 MP: 4/4
  1983 | D:2      | Reached skill level 5 in Staves
  2318 | D:3      | Found a glowing drain.
  2340 | D:3      | Reached XP level 5. HP: 34/41 MP: 5/5
  2346 | D:3      | Reached skill level 6 in Staves
  2353 | Sewer    | Entered a sewer
  2677 | Sewer    | Reached XP level 6. HP: 19/48 MP: 6/6
  2928 | Sewer    | Reached skill level 7 in Staves
  3878 | D:3      | Noticed Iko's ghost (weakling MiWn)
  3885 | D:3      | Killed Iko's ghost
  4206 | D:4      | Found a staircase to the Ecumenical Temple.
  4226 | Temple   | Entered the Ecumenical Temple
  4396 | Temple   | Became a worshipper of Gozag Ym Sagoz the Greedy
  4575 | D:4      | Found Maxkox's Jewellery Boutique.
  4600 | D:3      | Your scales start taking on a golden yellow colour.
  4600 | D:3      | Reached XP level 7. HP: 28/57 MP: 7/7
  5552 | D:4      | Reached skill level 8 in Staves
  5793 | D:5      | Entered Level 5 of the Dungeon
  6165 | D:5      | Noticed diana's ghost (novice DsGl)
  6418 | D:5      | Found a sacrificial altar of Ru.
  6440 | D:5      | Reached skill level 9 in Staves
  6486 | D:5      | Reached XP level 8. HP: 67/67 MP: 8/8
  6707 | D:5      | Killed diana's ghost
  6707 | D:5      | Reached skill level 5 in Fighting
  7116 | D:6      | Reached skill level 10 in Staves
  7406 | D:6      | Found a runed door.
  7475 | D:6      | Noticed Sigmund
  7616 | D:7      | Reached XP level 9. HP: 36/78 MP: 9/9
  7687 | D:7      | Noticed Dowan
  7955 | D:6      | Noticed Iko's ghost (novice GnFi)
  8174 | D:4      | Bought the ring of Kiezxuar {+Inv MR+ Str+2 Int-5 Dex+9} for 722 gold pieces
  8250 | D:7      | Reached skill level 11 in Staves
  8270 | D:7      | Found a huge runed gate.
  8270 | D:7      | Noticed a polar bear
  8270 | D:7      | Noticed a polar bear
  8272 | D:7      | Found a huge runed gate.
  8288 | D:7      | Found a huge runed gate.
  8288 | D:7      | Found a huge runed gate.
  8289 | D:7      | Noticed a polar bear
  8289 | D:7      | Noticed a polar bear
  8292 | D:7      | Found Fecet's Antique Armour Shop.
  8357 | D:7      | Noticed Duvessa
  8691 | D:7      | Killed Duvessa
  8704 | D:7      | Killed Dowan
  8873 | D:7      | Noticed a polar bear
  8874 | D:7      | Noticed a polar bear
  8965 | D:7      | Killed Sigmund
  9146 | D:8      | Found Punappih's Assorted Antiques.
  9218 | D:8      | Reached skill level 12 in Staves
  9361 | D:8      | Found a flagged portal.
  9384 | Bailey   | Entered a bailey
  9421 | Bailey   | Noticed an orc warlord
  9632 | Bailey   | Found a runed gate.
  9634 | Bailey   | Found a runed gate.
  9636 | Bailey   | Found a runed gate.
  9652 | Bailey   | Reached XP level 10. HP: 63/89 MP: 10/10
  9916 | Bailey   | Gained mutation: You are frail. (-10% HP) [potion of mutation]
  9916 | Bailey   | Gained mutation: Your flesh is heat resistant. (rF+) [potion of mutation]
  9916 | Bailey   | Gained mutation: You can translocate small distances at will. [potion of mutation]
  9942 | Bailey   | Killed an orc warlord
 10073 | D:8      | Found a glowing silver altar of Zin.
 10140 | D:8      | You fall through a shaft for 2 floors!
 10140 | D:10     | Entered Level 10 of the Dungeon
 10352 | D:10     | Noticed Gastronok
 10395 | D:10     | Killed Gastronok
 10395 | D:10     | Reached skill level 13 in Staves
 10395 | D:10     | Reached skill level 5 in Dodging
 10592 | D:9      | Found Dunum's Armour Boutique.
 10684 | D:9      | Noticed a two-headed ogre
 10702 | D:9      | Killed a two-headed ogre
 10702 | D:9      | Reached XP level 11. HP: 54/89 MP: 11/11
 10926 | D:4      | Bought the ring of the Invisible Souls {MR+ Str+3 SInv} for 595 gold pieces
 11276 | D:8      | Found an iron altar of Okawaru.
 11277 | D:8      | Found a radiant altar of Vehumet.
 11586 | D:9      | Reached skill level 10 in Fighting
 12195 | D:10     | Noticed Psyche
 12205 | D:10     | Killed Psyche
 12205 | D:10     | Reached skill level 14 in Staves
 12223 | D:10     | Found a staircase to the Orcish Mines.
 12544 | D:10     | Noticed Sonja
 12551 | D:10     | Cast into level 1 of the Abyss (Sonja)
 12556 | D:10     | Escaped the Abyss
 12727 | D:11     | Noticed a cyan ugly thing
 12763 | D:10     | Killed a cyan ugly thing
 13039 | D:10     | Killed Sonja
 13195 | D:11     | Found a staircase to the Lair.
 13380 | D:11     | Noticed a five-headed hydra
 13391 | D:11     | Killed a five-headed hydra
 13842 | D:11     | Noticed a two-headed ogre
 13847 | D:11     | Noticed a two-headed ogre
 13847 | D:11     | Killed a two-headed ogre
 13856 | D:11     | Killed a two-headed ogre
 13887 | D:11     | Paralysed by a hornet for 2 turns
 13888 | D:11     | HP: 3/90 [hornet (12)]
 13889 | D:11     | Mangled by a hornet

Skill      XL: |  1  2  3  4  5  6  7  8  9 10 11 |
---------------+----------------------------------+-----
Staves         | 4 5 6 7 9 10 12 13 14 | 14.8
Fighting       | 3 4 6 8 9 10 | 10.9
Dodging        | 3 5 7 |  7.0
Throwing       | |  1.7

Action                   |  1- 3 |  4- 6 |  7- 9 | 10-12 || total
-------------------------+-------+-------+-------+-------++-------
Melee: Quarterstaff      |   123 |   270 |   476 |   434 ||  1303
       Tailslap          |    14 |    27 |    96 |   121 ||   258
Throw: Throwing net      |       |     2 |       |     1 ||     3
       Javelin           |       |       |     9 |    11 ||    20
Invok: Potion Petition   |       |       |       |     1 ||     1
 Abil: Breathe Acid      |       |       |     2 |     4 ||     6
Evoke: Wand              |       |       |     3 |    15 ||    18
       Box of beasts     |       |       |       |     1 ||     1
  Use: Potion            |       |     8 |     3 |     2 ||    13
       Scroll            |       |     1 |     7 |     8 ||    16
 Stab: Sleeping          |     4 |       |     1 |     5 ||    10
       Distracted        |       |       |     4 |     1 ||     5
       Held in net/web   |       |       |       |     1 ||     1
  Eat: Chunk             |     3 |     9 |       |       ||    12
       Ration            |       |       |     5 |     5 ||    10
Armor: Skin              |    35 |    98 |   118 |    75 ||   326
Dodge: Dodged            |    93 |   268 |   285 |   252 ||   898
